 Dungeon Crawl Stone Soup version 0.30-a0-723-gc1506a1cf0 (webtiles) character file.

Game seed: 5559866166184008814

652 sanka the Cudgeller (level 7, -4/70 HPs)
             Began as an Ogre Monk on Jan 28, 2023.
             Was a Believer of Okawaru.
             Slain by an iguana (10 damage)
             ... on level 5 of the Dungeon.
             The game lasted 00:05:55 (4472 turns).

sanka the Cudgeller (Ogre Monk)                     Turns: 4472, Time: 00:05:55

Health: -4/70      AC:  4    Str: 18    XL:     7   Next: 54%
Magic:  7/9        EV: 12    Int: 11    God:    Okawaru [**....]
Gold:   155        SH:  0    Dex: 11    Spells: 6/6 levels left

rFire   . . .      SeeInvis +    a - +0 flail
rCold   . . .      Faith    .    (no shield)
rNeg    . . .      Spirit   .    b - +0 robe
rPois   .          Reflect  .    (helmet restricted)
rElec   .          Harm     .    h - +0 cloak
rCorr   .          Rampage  .    (gloves unavailable)
Will    .....                    (boots unavailable)
Stlth   +++                      (no amulet)
HPRegen 0.31/turn                (no ring)
MPRegen 0.11/turn                j - ring of see invisible

@: lethally poisoned (-4 -> -8), heroic
A: large, unfitting armour, tough skin 1
a: Renounce Religion, Heroism


You were on level 5 of the Dungeon.
You worshipped Okawaru.
Okawaru was pleased with you.
You visited 2 branches of the dungeon, and saw 6 of its levels.

You collected 155 gold pieces.


Innate Abilities, Weirdness & Mutations

You are too large for most types of armour.
You have tough skin. (AC +1)


   Skills:
 - Level 4.0(9.0) Fighting
 + Level 7.3(12.3) Maces & Flails
 - Level 2.6(7.6) Dodging
 - Level 1.4(6.4) Stealth
 + Level 3.0 Invocations


You had 6 spell levels left.
You didn't know any spells.
Your spell library contained the following spells:

 Spells                   Type           Power      Damage    Failure   Level
 Sublimation of Blood     Necr           0%         N/A       47%         2
 Wereblood                Tmut           0%         N/A       47%         2
 Gell's Gravitas          Tloc           0%         N/A       71%         3
 Teleport Other           Tloc           0%         N/A       71%         3
 Alistair's Intoxication  Tmut/Pois      0%         N/A       100%        5
 Borgnjor's Vile Clutch   Necr/Erth      0%         N/A       100%        5
 Dispersal                Tloc           0%         N/A       100%        6
 Eringya's Noxious Bog    Tmut/Pois      0%         N/A       100%        6
 Summon Hydra             Summ           Unusable   N/A       N/A         7

Inventory:

Hand Weapons
 a - a +0 flail (weapon)
Armour
 b - a +0 robe (worn)
 h - a +0 cloak (worn)
Jewellery
 j - a ring of see invisible (right hand)
Scrolls
 d - 3 scrolls of fog {unknown}
 f - 2 scrolls of fear {unknown}
 g - 2 scrolls of noise {unknown}
 n - a scroll of enchant weapon {unknown}
 o - a scroll of amnesia {unknown}
 p - 2 scrolls of vulnerability {unknown}
 q - 2 scrolls of identify {unknown}
 t - 2 scrolls of poison {unknown}
Potions
 c - a potion of heal wounds {unknown}
 i - a potion of lignification {unknown}
 k - 2 potions of mutation {unknown}
 l - a potion of attraction {unknown}
 m - 2 potions of degeneration {unknown}
 r - a potion of cancellation {unknown}
 s - 2 potions of flight {unknown}

Dungeon Overview and Level Annotations

Branches:
Dungeon (5/15)             Temple (1/1) D:5

Altars:
Ashenzari
Cheibriados
Dithmenos
Elyvilon
Fedhas
Gozag
Okawaru
Qazlal
Trog
Uskayaw
Wu Jian
Xom
Yredelemnul
Zin

Shops:
D:1 ?

Annotations:
D:5 exclusion: black bear

▒........▒ ▒.... . ▒
▒..>!....▒▒▒▒▒ ▒..).
▒▒▒▒▒▒..[▒..........▒▒▒▒▒.(.▒
........▒▒▒▒.............<...▒
▒.........▒▒▒▒▒..(...▒▒▒▒▒.▒▒▒
▒▒▒.. ▒..............▒▒▒.▒
...▒▒▒▒▒.▒..........▒.▒▒..▒
▒▒▒▒....▒...▒▒...▒▒.▒▒.▒▒.▒▒
▒.........▒▒.Ol▒▒▒.........▒▒▒
..........▒▒.▒▒▒.............▒
.▒▒▒▒▒▒.▒....▒▒▒.▒..⌠...⌠..▒.▒
.. ▒▒▒.▒▒.....▒.........▒.▒
▒£▒ ▒..▒▒.▒▒▒......>....... ▒
▒..▒▒▒▒ ▒▒▒.).......▒▒.
▒.....▒▒▒▒▒..⌠...⌠..▒▒.
▒>▒▒▒..▒▒..............
▒.▒▒▒▒.▒▒.▒.........▒▒▒


You could see an iguana.


Message History

You feel very sick. The scorpion barely misses you.
Unknown command.
You sock the scorpion!
You kill the scorpion!
Okawaru accepts your kill.
You feel very sick.
Your Invocations skill increases to level 3!
Unknown command.
You feel very sick. The iguana bites you.
* * * LOW HITPOINT WARNING * * *
You see here a scorpion corpse.
Unknown command.
You barely miss the iguana.
You feel sick. The iguana bites you!
* * * LOW HITPOINT WARNING * * *
Unknown command.
You hit the iguana.
The iguana is moderately wounded.
You feel sick. The iguana barely misses you.
Unknown command.
You barely miss the iguana.
The iguana is moderately wounded.
* * * LOW HITPOINT WARNING * * *
You feel sick. The iguana bites you!
You die...

Action                     |  1- 3 |  4- 6 |  7- 9 || total
---------------------------+-------+-------+-------++-------
  Melee: Mace              |   133 |    66 |       ||   199
         Punch             |     2 |     1 |       ||     3
         Flail             |       |    82 |    24 ||   106
 Invoke: Heroism           |       |       |     2 ||     2
    Use: Potion            |       |     2 |       ||     2
   Stab: Sleeping          |     6 |     5 |       ||    11
 Armour: Robe              |    52 |    32 |     8 ||    92
  Dodge: Dodged            |    88 |    72 |    15 ||   175

Levels and vault maps discovered:
D:1:      dpeg_arrival_simpleton_b, layout_basic, serial_shops, shop
D:2:      layout_basic
D:3:      layout_basic, general_overflow_altar, mainiacjoe_overflow_alcove_4,
          kennysheep_pointless_box
D:4:      layout_loops_ring, gammafunk_temple_overflow_forgotten,
          grunt_ministairs_4
D:5:      layout_rooms, minmay_temple_entry_large_hall, minmay_puff
Temple:   grunt_temple_mini_profane

Notes
Turn   | Place    | Note
-------+----------+-------------------------------------------
     0 | D:1      | sanka the Ogre Monk began the quest for the Orb.
     0 | D:1      | Reached XP level 1. HP: 24/24 MP: 1/1
   158 | D:1      | Reached skill level 3 in Maces & Flails
   212 | D:1      | Reached XP level 2. HP: 32/32 MP: 2/2
   617 | D:1      | Reached XP level 3. HP: 39/39 MP: 3/3
   702 | D:1      | Found Mupaadgh's Magic Scroll Shop.
  1103 | D:2      | Reached skill level 4 in Maces & Flails
  1528 | D:2      | Identified the +1 ring mail of Mubb {rElec rN++ Regen+
                  | Slay-6}
  1717 | D:3      | Reached XP level 4. HP: 10/48 MP: 4/4
  1920 | D:3      | Identified the +1 robe of Beogh's Indignation {*Slow rElec
                  | rPois rCorr Int+3}
  1945 | D:3      | Found a hide-covered altar of Uskayaw.
  2562 | D:3      | Found an ornate altar of the Wu Jian Council.
  2826 | D:4      | Noticed a scorpion
  2839 | D:4      | HP: 2/48 [poisoned by a scorpion]
  2842 | D:4      | Killed a scorpion
  2843 | D:4      | Reached skill level 5 in Maces & Flails
  2843 | D:4      | Reached XP level 5. HP: 17/54 MP: 5/5
  3026 | D:4      | Found a snail-covered altar of Cheibriados.
  3026 | D:4      | Found a bloodstained altar of Trog.
  3026 | D:4      | Found a shadowy altar of Dithmenos.
  3545 | D:4      | Reached skill level 6 in Maces & Flails
  3545 | D:4      | Reached XP level 6. HP: 48/62 MP: 6/6
  3622 | D:4      | Identified the +3 scale mail "Boagg" {rC+ rCorr}
  4027 | D:5      | Entered Level 5 of the Dungeon
  4033 | D:5      | Noticed a black bear
  4075 | D:5      | Found a staircase to the Ecumenical Temple.
  4085 | Temple   | Entered the Ecumenical Temple
  4281 | Temple   | Became a worshipper of Warmaster Okawaru
  4281 | Temple   | Reached * piety under Okawaru
  4281 | Temple   | Reached ** piety under Okawaru
  4314 | D:5      | Reached skill level 1 in Invocations
  4314 | D:5      | Reached XP level 7. HP: 58/70 MP: 6/8
  4429 | D:5      | Reached skill level 7 in Maces & Flails
  4429 | D:5      | Reached skill level 2 in Invocations
  4469 | D:5      | Reached skill level 3 in Invocations
  4472 | D:5      | HP: 6/70 [poisoned by a scorpion]
  4472 | D:5      | Slain by an iguana

Vanquished Creatures
  A black bear (D:5)
  2 phantoms
  4 scorpions
  A jelly (D:4)
  An orc wizard (D:4)
  5 adders
  3 worms
  2 dart slugs
  6 orcs
  8 ball pythons
  4 endoplasms
  2 giant cockroaches
  7 goblins
  8 hobgoblins
  2 jackals (D:3)
  3 quokkas
  6 bats
  2 frilled lizards
  6 kobolds
  6 rats
79 creatures vanquished.
